 Dungeon Crawl Stone Soup version 0.30.0-29-ga12c61a403 (webtiles) character file.

Game seed: 5623596927194580952

2877 hawla the Basher (level 10, -3/72 HPs)
             Began as a Meteoran Fire Elementalist on June 13, 2023.
             Was a Follower of Vehumet.
             Slain by an orc knight
             ... wielding a +0 war axe
              (22 damage)
             ... in a bailey.
             The game lasted 00:18:09 (4323 turns).

hawla the Basher (Meteoran Fire Elementalist)       Turns: 4323, Time: 00:18:10

Health: -3/72      AC:  3    Str: 10    XL:     10   Next: 25%
Magic:  15/17      EV: 13    Int: 27    God:    Vehumet [*.....]
Gold:   169        SH:  0    Dex: 15    Spells: 3/18 levels left

rFire   + + .        e - +1 flail
rCold   . . .        (no shield)
rNeg    + . .        a - +1 robe
rPois   .            (no helmet)
rElec   .            p - scarf {repulsion}
rCorr   .            (no gloves)
SInv    .            (no boots)
Will    +....        i - amulet "Utommom" {rF++ Regen+}
Stlth   +            d - ring of positive energy
HPRegen 1.12/turn    x - +6 ring of intelligence
MPRegen 0.15/turn

%: repel missiles
@: glowing
A: sense surroundings 2, otherworldly, glowing, explore regen
a: Renounce Religion


You were in a bailey.
You worshipped Vehumet.
Vehumet was aware of your devotion.
You visited 2 branches of the dungeon, and saw 9 of its levels.
You also visited: Bailey.

You collected 337 gold pieces.
You spent 168 gold pieces at shops.

Inventory:

Hand Weapons
 e - a +1 flail (weapon)
Armour
 a - a +1 robe (worn)
 p - a scarf of repulsion (worn)
Jewellery
 d - a ring of positive energy (left hand)
 i - the amulet "Utommom" (around neck) {rF++ Regen+}
   (You found it on level 3 of the Dungeon)

   [amulet of regeneration]

   rF:        It greatly protects you from fire.
   Regen:     It increases your rate of health regeneration.
 x - a +6 ring of intelligence (right hand)
Wands
 g - a wand of paralysis (10) (quivered)
 l - a wand of polymorph (6)
 n - a wand of roots (8)
Scrolls
 j - 2 scrolls of teleportation
 s - 2 scrolls of poison {unknown}
 y - 2 scrolls of fear
Potions
 c - a potion of haste
 f - a potion of might
 h - 3 potions of curing
 k - a potion of berserk rage
 q - a potion of attraction
 u - a potion of invisibility {unknown}
 v - a potion of brilliance {unknown}


   Skills:
 - Level 1.5 Fighting
 - Level 11.2 Maces & Flails
 - Level 3.4 Dodging
 - Level 1.4 Stealth
 - Level 4.5 Spellcasting
 - Level 5.4 Conjurations
 - Level 4.7 Necromancy
 - Level 5.9 Fire Magic
 * Level 4.5 Poison Magic
 - Level 3.0 Evocations


You had 3 spell levels left.
You knew the following spells:

 Your Spells              Type           Power      Damage    Failure   Level
a - Foxfire               Conj/Fire      100%       2x1d9     1%          1
b - Scorch                Fire           76%        2d8       1%          2
c - Flame Wave            Conj/Fire      37%        2d10      7%          4
d - Dispel Undead         Necr           31%        3d14      11%         4
e - Olgreb's Toxic Radia  Pois           30%        N/A       12%         4

Your spell library contained the following spells:

 Spells                   Type           Power      Damage    Failure   Level
 Sandblast                Erth           12%        2d6       8%          1
 Kiss of Death            Conj/Necr      100%       2d13      1%          1
 Necrotise                Necr           100%       1d9       1%          1
 Vampiric Draining        Necr           31%        2d8       3%          3
 Inner Flame              Hex/Fire       22%        N/A       7%          3
 Volatile Blastmotes      Fire/Tloc      44%        2d13      7%          3
 Confusing Touch          Hex            6%         N/A       22%         3
 Portal Projectile        Hex/Tloc       12%        N/A       22%         3
 Summon Guardian Golem    Hex/Summ       6%         N/A       22%         3
 Agony                    Necr           31%        N/A       30%         5


Dungeon Overview and Level Annotations

Branches:
Dungeon (8/15) Zot: 581    Temple (1/1) D:7 Zot: 565  Bailey (1/1) Zot: 516
   Lair: D:8-11

Altars:
Ashenzari
Dithmenos
Hepliaklqana
Nemelex Xobeh
Ru
Vehumet
Wu Jian
Yredelemnul
Zin

Shops:
D:4 *


Innate Abilities, Weirdness & Mutations

You passively map the area around you.
You are easily found by Zot.
You glow in the dark.
You regain HP and MP as you explore.


Message History

The orc knight is moderately wounded.
The orc knight's fire resistance burns away.
You kill the orc warrior!
Vehumet accepts your kill.
You kill the orc warrior!
Vehumet accepts your kill.
The foxfire hits the orc knight.
The orc knight is burned terribly!
The orc knight is moderately wounded.
The foxfire hits the orc knight.
The orc knight is burned terribly!
The orc knight is heavily wounded.
Your Poison Magic skill increases to level 4!
Casting: Scorch (safe; 1% risk of failure)
Confirm with . or Enter, or press ? or * to list all spells.
Flames lash the orc knight but do no damage.
Unknown command.
Casting: Scorch (safe; 1% risk of failure)
Confirm with . or Enter, or press ? or * to list all spells.
Casting: Flame Wave (dangerous; 7% risk of failure)
Press: ? - help, Dir - look around, f - activate A wave of flame ripples out!
The flame wave engulfs the orc knight.
The orc knight is burned terribly!
The orc knight is heavily wounded. (Press . to intensify the flame waves.)
The orc knight closely misses you.
A wave of flame ripples out!
The flame wave engulfs the orc knight!
The orc knight is burned terribly!
The orc knight is severely wounded.
The orc knight misses you.
Unknown command.
Magic courses through your body.
The orc knight is no longer more vulnerable to fire.
The orc knight hits you with a +0 war axe!!
* * * LOW HITPOINT WARNING * * *
Casting: Flame Wave (dangerous; 7% risk of failure)
Confirm with . or Enter, or press ? or * to list all spells.
Flames lash the orc knight.
The orc knight is severely wounded.
The orc knight's fire resistance burns away.
The orc knight hits you with a +0 war axe!!
You die...

#...8...#
##..(..##
###)###
####.).####
###.........###
#.............#
*.......).......
.......o.......*
#......@......#
###.??...?$.###
####._.####
#####


You could see an orc knight (very poisoned, combustible).

Vanquished Creatures
  5 orc warriors
  A black bear (D:6)
  2 ice beasts (D:7)
  2 ogres
  A centaur (D:7)
  6 kobold brigands
  3 bullfrogs
  4 scorpions
  A wyvern zombie (D:7)
  A bullfrog zombie (D:7)
  2 centaur zombies (D:7)
  3 hounds
  2 jellies
  2 orc priests
  A gnoll bouda (D:6)
  2 iguanas (D:5)
  A sleepcap (D:6)
  Ijyb (D:3)
  Natasha (twice) (D:4)
  3 orc wizards
  Terence (D:3)
  3 killer bee zombies (D:7)
  12 gnolls
  5 adders
  A shadow imp (D:6)
  3 white imps
  An ufetubus (D:5)
  A dart slug (D:2)
  25 orcs
  3 ball pythons
  2 bats
  4 endoplasms
  3 giant cockroaches
  6 goblins
  A hobgoblin (D:2)
  7 jackals
  2 frilled lizards
  14 kobolds
  A rat (D:3)
140 creatures vanquished.

Vanquished Creatures (others)
  A bullfrog (D:7)
  188 foxfires
189 creatures vanquished.

Grand Total: 329 creatures vanquished

Notes
Turn   | Place    | Note
-------+----------+-------------------------------------------
     0 | D:1      | hawla the Meteoran Fire Elementalist began the quest for
                  | the Orb.
     0 | D:1      | Reached XP level 1. HP: 14/14 MP: 5/5
   105 | D:2      | Reached XP level 2. HP: 20/20 MP: 0/6
   118 | D:2      | Learned a level 2 spell: Scorch
   146 | D:2      | Reached XP level 3. HP: 26/26 MP: 2/8
   261 | D:3      | Noticed Ijyb
   268 | D:3      | Killed Ijyb
   269 | D:3      | Reached XP level 4. HP: 33/33 MP: 0/10
   296 | D:3      | Identified the amulet "Utommom" {rF++ Regen+}
   667 | D:4      | Reached skill level 1 in Evocations
   731 | D:4      | Found Gostyda's Neck Hole.
   774 | D:4      | Reached XP level 5. HP: 24/38 MP: 0/11
   908 | D:4      | Noticed Natasha
   912 | D:4      | Killed Natasha
   918 | D:4      | Learned a level 4 spell: Flame Wave
  1353 | D:3      | Reached XP level 6. HP: 45/45 MP: 0/12
  1536 | D:3      | Noticed Terence
  1541 | D:3      | Killed Terence
  1668 | D:3      | Noticed an orc warrior
  1908 | D:4      | Noticed Natasha
  1911 | D:4      | Killed Natasha
  1938 | D:5      | Entered Level 5 of the Dungeon
  1977 | D:5      | Reached skill level 2 in Maces & Flails
  1977 | D:5      | Reached XP level 7. HP: 50/50 MP: 4/13
  1982 | D:5      | Reached skill level 3 in Maces & Flails
  2076 | D:4      | Bought a scarf of repulsion for 168 gold pieces
  2154 | D:5      | Reached skill level 4 in Maces & Flails
  2239 | D:5      | Reached skill level 5 in Maces & Flails
  2479 | D:5      | Reached skill level 6 in Maces & Flails
  2479 | D:5      | Reached XP level 8. HP: 51/57 MP: 5/14
  2553 | D:5      | Found an ornate altar of the Wu Jian Council.
  2704 | D:6      | Reached skill level 7 in Maces & Flails
  2809 | D:6      | Reached skill level 8 in Maces & Flails
  2922 | D:6      | Reached skill level 5 in Fire Magic
  2939 | D:6      | Reached skill level 5 in Conjurations
  2945 | D:6      | Gained mutation: You passively map the area around you.
                  | [Meteoran growth]
  2945 | D:6      | Reached XP level 9. HP: 32/63 MP: 0/15
  3002 | D:6      | Reached skill level 1 in Fighting
  3002 | D:6      | Reached skill level 9 in Maces & Flails
  3350 | D:7      | Found a glowing silver altar of Zin.
  3350 | D:7      | Found a shadowy altar of Dithmenos.
  3350 | D:7      | Found a broken altar of Ashenzari.
  3558 | D:7      | Learned a level 4 spell: Dispel Undead
  3589 | D:7      | Reached skill level 1 in Necromancy
  3606 | D:7      | Found a staircase to the Ecumenical Temple.
  3618 | Temple   | Entered the Ecumenical Temple
  3635 | Temple   | Became a worshipper of Vehumet
  3958 | D:7      | Found a basalt altar of Yredelemnul.
  4121 | D:7      | Glimpsed the power of Zot.
  4187 | D:8      | Found a flagged portal.
  4190 | D:8      | Reached skill level 10 in Maces & Flails
  4239 | Bailey   | Entered a bailey
  4259 | Bailey   | Reached XP level 10. HP: 38/72 MP: 3/17
  4276 | Bailey   | Reached * piety under Vehumet
  4276 | Bailey   | Offered knowledge of Sandblast by Vehumet.
  4292 | Bailey   | Reached skill level 11 in Maces & Flails
  4295 | Bailey   | Got the Quarto of the Adder and the Wyrd
  4301 | Bailey   | Learned a level 4 spell: Olgreb's Toxic Radiance
  4304 | Bailey   | Noticed an orc knight
  4307 | Bailey   | Reached skill level 1 in Poison Magic
  4313 | Bailey   | Found an iron altar of Okawaru.
  4323 | Bailey   | Slain by an orc knight

Illustrated notes

Levels and vault maps discovered:
D:1:      amcnicky_arrival_flooded_fountain, layout_basic, serial_shops, shop
D:2:      layout_basic
D:3:      layout_loops_corners, lightli_corner_chamber, uniq_ijyb, uniq_terence
D:4:      layout_cave_pods, nicolae_shop_sticking_my_neck_out, uniq_natasha
D:5:      layout_loops_ring, pf_just_have_faith
D:6:      layout_loops_ring
D:7:      layout_basic, gammafunk_temple_overflow_claw,
          nicolae_yredelemnul_corpse_copse, minmay_temple_entry_crystal_x
D:8:      layout_rooms, enter_bailey_5, hangedman_decor_opposing
Temple:   jpeg_temple_clearing
Bailey:   bailey_axe_3, bailey

Skill      XL: |  1  2  3  4  5  6  7  8  9 10 |
---------------+-------------------------------+-----
Fire Magic     | 4 5 |  5.9
Spellcasting   | 3 4 |  4.5
Dodging        | 3 |  3.4
Evocations     | 2 3 |  3.0
Conjurations   | 2 4 5 |  5.4
Maces & Flails | 2 6 8 10 11 | 11.2
Fighting       | 1 |  1.5
Necromancy     | 4 |  4.7
Poison Magic   | 4 |  4.5
Stealth        | |  1.4

Action                     |  1- 3 |  4- 6 |  7- 9 | 10-12 || total
---------------------------+-------+-------+-------+-------++-------
  Melee: Unarmed           |    11 |     6 |       |       ||    17
         Punch             |     1 |       |     2 |       ||     3
         Club              |       |     5 |       |       ||     5
         Flail             |       |       |   113 |    11 ||   124
   Cast: Foxfire           |    15 |    54 |    39 |     8 ||   116
         Scorch            |     2 |    20 |    34 |     8 ||    64
         Flame Wave        |       |     1 |    16 |     2 ||    19
         Dispel Undead     |       |       |     2 |       ||     2
         Olgreb's Toxic Ra |       |       |       |     1 ||     1
    Use: Scroll            |       |     2 |    10 |     1 ||    13
         Potion            |       |       |     4 |     4 ||     8
 Armour: Robe              |     2 |     6 |    25 |       ||    33
  Dodge: Dodged            |     6 |    20 |    97 |    10 ||   133
         Repelled          |       |       |     5 |     1 ||     6
